 Dungeon Crawl Stone Soup version 0.31-a0-986-g5e6e4ef867 (webtiles) character file.

Game seed: 1430555899105044272

20258 ytrimaz the Grappler (level 12, -3/189 HPs)
             Began as a Troll Shapeshifter on Nov 6, 2023.
             Was a High Priest of Wu Jian.
             Slain by a yak (12 damage)
             ... in an ice cave on Nov 8, 2023.
             The game lasted 00:13:04 (9746 turns).

ytrimaz the Grappler (Troll Shapeshifter)           Turns: 9746, Time: 00:13:05

Health: -3/189     AC: 26    Str: 35    XL:     12   Next: 43%
Magic:  11/11      EV:  1    Int:  6    God:    Wu Jian [*****.]
Gold:   393        SH:  0    Dex:  9    Spells: 11/11 levels left

rFire   . .          .
                       - Unarmed
rCold   . . .        (no shield)
rNeg    . . .        x - melded +0 swamp dragon scales
rPois   +            (helmet currently unavailable)
rElec   .            (cloak currently unavailable)
rCorr   .            (gloves unavailable)
SInv    .            (boots unavailable)
Will    +....        (no amulet)
Stlth   +            A - +5 ring of evasion
HPRegen 1.31/turn    d - +6 ring of strength
MPRegen 0.12/turn

%: no passive effects
@: brilliant, tree-form, enlightened
A: stationary, stasis, torment immunity, boosted hp, large, unfitting armour,
(claws 3), regeneration 1, (shaggy fur 1), (tough skin 1)
a: Renounce Religion, Wall Jump, Serpent's Lash, Heavenly Storm


You were in an ice cave.
You worshipped Wu Jian.
Wu Jian was extremely pleased with you.
You were a tree.
You visited 2 branches of the dungeon, and saw 13 of its levels.
You also visited: Ice Cave.

You collected 777 gold pieces.
You spent 384 gold pieces at shops.


Innate Abilities, Weirdness & Mutations

You are a tree.
Your roots penetrate the ground, keeping you stationary.
You cannot be teleported.
You are immune to unholy pain and torment.
Your maximum health is greatly increased.
Your equipment is partially melded.
You are too large for most types of armour.
((You have claws for hands.))
Your natural rate of healing is unusually fast.
((You are covered in fur. (AC +1)))
((You have tough skin. (AC +1)))


   Skills:
 + Level 9.9 Fighting
 + Level 7.0 Dodging
 - Level 12.0 Unarmed Combat
 - Level 10.0 Shapeshifting


You had 11 spell levels left.
You didn't know any spells.
Your spell library contained the following spells:

 Spells                   Type           Power      Damage    Failure   Level
 Freeze                   Ice            0%         1d3       45%         1
 Magic Dart               Conj           0%         1d3       45%         1
 Sandblast                Erth           0%         2d4       45%         1
 Call Imp                 Summ           0%         N/A       58%         2
 Cigotuvi's Dreadful Rot  Necr/Pois/Air  0%         N/A       58%         2
 Passwall                 Tmut/Erth      0%         N/A       58%         2
 Sublimation of Blood     Necr           0%         N/A       58%         2
 Wereblood                Tmut           0%         N/A       58%         2
 Frozen Ramparts          Ice            0%         1d1       83%         3
 Hailstorm                Conj/Ice       0%         3d3       83%         3
 Inner Flame              Hex/Fire       0%         N/A       83%         3
 Mephitic Cloud           Conj/Pois/Air  0%         N/A       83%         3
 Stone Arrow              Conj/Erth      0%         3d7       83%         3
 Brom's Barrelling Bould  Conj/Erth      0%         2d3       99%         4
 Dispel Undead            Necr           0%         3d6       99%         4
 Flame Wave               Conj/Fire      0%         2d4       99%         4
 Sticky Flame             Conj/Fire      0%         2d3       99%         4
 Irradiate                Conj/Tmut      0%         3d11      100%        5
 Death Channel            Necr           0%         N/A       100%        6
 Summon Hydra             Summ           0%         N/A       100%        7

Inventory:

Missiles
 E - 3 throwing nets
Armour
 x - +0 swamp dragon scales (melded)
   (You took it off Maggie on level 6 of the Dungeon)
Jewellery
 d - a +6 ring of strength (right branch)
   (You took it off Maurice on level 7 of the Dungeon)
 A - a +5 ring of evasion (left branch)
   (You found it on level 6 of the Dungeon)
 F - a ring of ice
   (You found it on level 8 of the Dungeon)
 I - a +6 ring of dexterity
   (You found it on level 11 of the Dungeon)
 J - a ring of resist corrosion
   (You found it on level 10 of the Dungeon)
Talismans
 a - a maw talisman (active)
   (You found it on level 6 of the Dungeon)
 c - a beast talisman
 D - a flux talisman
Wands
 s - a wand of polymorph (20)
   (You found it on level 4 of the Dungeon)
 C - a wand of charming (17)
   (You found it on level 7 of the Dungeon)
 L - a wand of flame (8)
   (You found it on level 12 of the Dungeon)
Scrolls
 e - 8 scrolls of identify
 h - 2 scrolls of enchant armour
 i - a scroll of torment {unknown}
 m - 3 scrolls of fog
 n - 5 scrolls of amnesia
 p - a scroll of noise {unknown}
 q - 2 scrolls of teleportation
 t - 4 scrolls of poison
 u - 2 scrolls of blinking {unknown}
 w - a scroll of enchant weapon {unknown}
 y - 2 scrolls of revelation {unknown}
 z - a scroll of fear {unknown}
 B - 2 scrolls of brand weapon {unknown}
 M - a scroll of immolation {unknown}
Potions
 f - 2 potions of brilliance
 g - a potion of invisibility
 j - 2 potions of might {unknown}
 k - 3 potions of heal wounds {unknown}
 l - 2 potions of berserk rage {unknown}
 o - a potion of degeneration {unknown}
 r - 3 potions of enlightenment
 v - 2 potions of attraction {unknown}
 G - 5 potions of mutation
 H - a potion of resistance {unknown}
 K - a potion of curing {unknown}

Dungeon Overview and Level Annotations

Branches:
Dungeon (12/15) Zot: 26666  Temple (1/1) D:5 Zot: 5845    Lair (0/5) D:9
    Orc (0/2) D:10          IceCv (1/1) Zot: 5869

Altars:
Ashenzari
Cheibriados
Dithmenos
Elyvilon
Fedhas
Gozag
Hepliaklqana
Kikubaaqudgha
Makhleb
Nemelex Xobeh
Okawaru
Qazlal
Ru
Sif Muna
Trog
Uskayaw
Vehumet
Wu Jian
Xom
Yredelemnul
Zin
The Shining One

Shops:
D:3 [   D:8 *

Annotations:
D:7 3 runed translucent doors, voltaire321's ghost, novice DsFE
D:9 3 runed translucent doors, robotcentaur's ghost, novice GnSh

#..#..####
#.##.## ..
#.#### #..
##.# ...
#.## ...
#..## #.#
##..# #.#
##..##hY#
#.###♣hY#
##..YY#.#
##..## .#
#.## ..
#.. #)
##.. ⌠ ..#
#.# ..


You could see a polar bear (berserk), 4 yaks and a wolf.


Message History

You completely miss the yak. Your claw misses the yak.
The wolf closely misses you. The wolf bites you. The yak closely misses you.
A yak comes into view. 😕 HP[-1]
You take 1 damage, and now have 106/126 hp.
The yak bellows!
You eviscerate the yak!!! Your bite misses the yak.
You hear a bellow!
The wolf closely misses you. 😕 HP[+1]
You claw the yak!
You kill the yak!
The Council accepts your kill. The wolf closely misses you.
You claw the polar bear!
You bite the polar bear, but do no damage.
The wolf misses you. The polar bear bites you. The polar bear claws you. x2
A yak comes into view. 😕 HP[-7]
You take 7 damage, and now have 100/126 hp.
You barely miss the polar bear. You claw the polar bear!
You bite the polar bear. The wolf bites you but does no damage.
The wolf barely misses you.
The polar bear bites you but does no damage.
The polar bear barely misses you. The polar bear claws you.
You claw the polar bear! Your bite misses the polar bear.
The wolf completely misses you. 😕 HP[+1]
You completely miss the polar bear. Your bite misses the polar bear.
The wolf bites you.
The polar bear goes berserk!
The yak snorts and paws the ground.
The yak closely misses you.
You scratch the yak. You bite the yak, but do no damage.
The wolf barely misses you. The polar bear misses you.
The polar bear claws you! The polar bear claws you. The yak gores you!
The wolf bites you. 😮 HP[-23]
You take 23 damage, and now have 78/126 hp.
You are too injured to fight recklessly!
You barely miss the yak. You bite the yak! The polar bear bites you!
The polar bear claws you. The polar bear closely misses you.
The wolf misses you. The yak gores you!
* * * LOW HITPOINT WARNING * * *
The yak completely misses you. The polar bear closely misses you.
The polar bear completely misses you. x2
You are too injured to fight recklessly! 😨 HP[-25]
You take 25 damage, and now have 53/126 hp.
Unknown command.
You claw the yak! You bite the yak! The wolf misses you.
The polar bear barely misses you. The polar bear claws you.
* * * LOW HITPOINT WARNING * * *
The polar bear claws you.
* * * LOW HITPOINT WARNING * * *
The wolf barely misses you. The yak gores you!
* * * LOW HITPOINT WARNING * * *
The yak gores you!
* * * LOW HITPOINT WARNING * * *
😱 HP[-27]
You take 27 damage, and now have 26/126 hp.
MASSIVE DAMAGE!! (PAUSE) It was a potion of enlightenment.
You feel very buoyant.
You fly up into the air.
The wolf barely misses you. The polar bear bites you.
* * * LOW HITPOINT WARNING * * *
The polar bear claws you.
* * * LOW HITPOINT WARNING * * *
The polar bear completely misses you. The yak misses you.
The yak closely misses you. 😱 HP[-7]
You take 7 damage, and now have 19/126 hp.
Unknown command.
Okay, then.
Your transformation has ended.
Your +0 swamp dragon scales unmelds from your body.
You turn into a tree.
Your +0 swamp dragon scales melds into your body.
Your roots penetrate the ground.
The wolf bites you but does no damage. The polar bear bites you!
* * * LOW HITPOINT WARNING * * *
The polar bear claws you but does no damage. x2
The wolf bites you.
* * * LOW HITPOINT WARNING * * *
The polar bear bites you.
* * * LOW HITPOINT WARNING * * *
The polar bear claws you but does no damage.
The polar bear claws you.
* * * LOW HITPOINT WARNING * * *
The yak gores you but does no damage. x2 😱 HP[-12]
You now have 189 max hp (+63).
Unknown command.
It was a potion of brilliance.
You feel clever all of a sudden.
The wolf stops to sniff the ground.
The wolf bites you but does no damage. The polar bear completely misses you.
The polar bear claws you but does no damage. x2
The wolf bites you but does no damage. The yak gores you!
You die...

Skill      XL: |  1  2  3  4  5  6  7  8  9 10 11 12 |
---------------+-------------------------------------+-----
Unarmed Combat | 4 5 6 7 10 12 | 12.0
Shapeshifting  | 4 5 6 7 8 10 | 10.0
Fighting       | 5 8 9 |  9.9
Dodging        | 5 7 |  7.0

Action                     |  1- 3 |  4- 6 |  7- 9 | 10-12 || total
---------------------------+-------+-------+-------+-------++-------
  Melee: Unarmed           |    99 |   112 |   202 |   410 ||   823
         Punch             |       |     3 |     6 |    15 ||    24
         Maw               |       |       |       |    82 ||    82
Ability: Lunge             |       |       |    20 |    28 ||    48
         Whirlwind         |       |       |     5 |    16 ||    21
    Use: Potion            |       |       |     2 |     3 ||     5
         Scroll            |       |       |       |     5 ||     5
   Stab: Sleeping          |     2 |       |       |       ||     2
         Invisible         |       |       |     3 |       ||     3
 Armour: Animal skin       |    76 |    70 |    41 |       ||   187
         Skin              |       |       |    47 |   231 ||   278
         Swamp dragon scal |       |       |    47 |    60 ||   107
  Dodge: Dodged            |    47 |    43 |    81 |   336 ||   507
   Form: Flux              |       |       |     1 |       ||     1
         Maw               |       |       |       |     1 ||     1

Levels and vault maps discovered:
D:1:      dpeg_arrival_simpleton_c, layout_loops_corners,
          kennysheep_flooded_box, minmay_tromino_v7
D:2:      minmay_inner_zag, layout_loops_corners, dreamdust_wishing_well,
          hangedman_decor_clover_reticule
D:3:      layout_basic, serial_shops, shop, serial_bayou_pond_c
D:4:      layout_loops_ring, minmay_misc_feat_plants, grunt_tough_drop
D:5:      layout_basic, nicolae_ru_path_of_blood, minmay_temple_entry_arrows,
          uniq_sigmund
D:6:      layout_rooms, uniq_maggie
D:7:      layout_gridville, lemuel_round_altar, nemelex_diamond_rough_becter,
          nicolae_overflow_crystal_walls, biasface_ghost_orc_armoury,
          roderic_malta_cross, uniq_prince_ribbit1
D:8:      layout_cave_pools, lemuel_tele_altar, dk_noncrumbling_3,
          nicolae_transmutations_shop, uniq_maurice, uniq_pikel
D:9:      layout_basic, grunt_qazlal_sundering, due_lair_maze_entry_diamond,
          ebering_ghost_gozag
D:10:     layout_long_grid, david_orc_3, uniq_psyche, uniq_harold
D:11:     layout_cross, uniq_erica
D:12:     layout_basic, portal_ice_cave_demonic_guard, serial_ice, serial_ice_k,
          serial_ice_n, serial_ice_d, serial_ice_h, uniq_sonja
Temple:   minmay_temple_bridge_d
IceCv:    ice_cave_caverns_03

Notes
Turn   | Place    | Note
-------+----------+-------------------------------------------
     0 | D:1      | ytrimaz the Troll Shapeshifter began the quest for the Orb.
     0 | D:1      | Reached XP level 1. HP: 18/18 MP: 0/0
     0 | D:1      | magus.rc [v1.9.6]
   222 | D:1      | Reached XP level 2. HP: 26/26 MP: 1/1
   585 | D:1      | Reached XP level 3. HP: 32/32 MP: 2/2
  1113 | D:2      | Reached skill level 4 in Unarmed Combat
  1157 | D:2      | Reached XP level 4. HP: 40/40 MP: 3/3
  1565 | D:2      | Reached skill level 4 in Shapeshifting
  1765 | D:2      | You pick up a book of Blood and begin reading...
  1765 | D:2      | You add the spells Sublimation of Blood, Wereblood and
                  | Summon Hydra to your library.
  1980 | D:3      | Found Demmiwn's Antique Armour Emporium.
  1985 | D:3      | Reached XP level 5. HP: 46/46 MP: 4/4
  2800 | D:4      | Reached skill level 5 in Unarmed Combat
  2824 | D:4      | Noticed an ogre
  2843 | D:4      | Noticed an ogre
  2917 | D:4      | Noticed a black bear
  2923 | D:4      | Killed a black bear
  2924 | D:4      | Reached skill level 5 in Shapeshifting
  2924 | D:4      | Reached XP level 6. HP: 54/54 MP: 5/5
  3165 | D:4      | Reached skill level 6 in Unarmed Combat
  3165 | D:4      | Reached XP level 7. HP: 58/61 MP: 6/6
  3537 | D:5      | Entered Level 5 of the Dungeon
  3550 | D:5      | Found a staircase to the Ecumenical Temple.
  3559 | Temple   | Entered the Ecumenical Temple
  3641 | Temple   | Became a worshipper of the Wu Jian Council
  3768 | D:5      | Reached skill level 6 in Shapeshifting
  3914 | D:5      | Found a sacrificial altar of Ru.
  3916 | D:5      | You pick up a book of Geomancy and begin reading...
  3916 | D:5      | You add the spells Sandblast, Passwall, Stone Arrow and
                  | Brom's Barrelling Boulder to your library.
  4422 | D:5      | Reached skill level 7 in Unarmed Combat
  4461 | D:5      | Noticed Sigmund
  4467 | D:5      | Killed Sigmund
  4468 | D:5      | Reached XP level 8. HP: 49/68 MP: 7/7
  4585 | D:6      | Noticed Maggie
  4608 | D:6      | Killed Maggie
  4609 | D:6      | Reached skill level 8 in Unarmed Combat
  4609 | D:6      | Reached skill level 7 in Shapeshifting
  4611 | D:6      | HP: 25/102 [yak (6)]
  4613 | D:6      | Reached skill level 9 in Unarmed Combat
  4627 | D:6      | Reached * piety under Wu Jian
  4628 | D:6      | Reached skill level 10 in Unarmed Combat
  4628 | D:6      | Reached XP level 9. HP: 30/75 MP: 8/8
  4641 | D:6      | HP: 18/75 [orc priest/divine providence (12)]
  4909 | D:6      | Reached skill level 11 in Unarmed Combat
  5154 | D:6      | You pick up a book of Frost and begin reading...
  5154 | D:6      | You add the spells Freeze, Frozen Ramparts and Hailstorm to
                  | your library.
  5299 | D:7      | Found a sparkling altar of Nemelex Xobeh.
  5423 | D:7      | Found an ancient bone altar of Kikubaaqudgha.
  5571 | D:7      | Reached ** piety under Wu Jian
  5684 | D:7      | Found a glowing silver altar of Zin.
  5711 | D:7      | Noticed Prince Ribbit
  5720 | D:7      | Killed Prince Ribbit
  5956 | D:7      | Found a runed translucent gate.
  5956 | D:7      | Found a runed translucent gate.
  5961 | D:7      | Found a runed translucent gate.
  5978 | D:7      | Noticed voltaire321's ghost (novice DsFE)
  6029 | D:8      | Reached skill level 8 in Shapeshifting
  6084 | D:8      | Noticed a two-headed ogre
  6084 | D:8      | Found a shadowy altar of Dithmenos.
  6108 | D:8      | Killed a two-headed ogre
  6109 | D:8      | Reached skill level 12 in Unarmed Combat
  6109 | D:8      | Reached XP level 10. HP: 29/83 MP: 9/9
  6218 | D:8      | Reached skill level 9 in Shapeshifting
  6220 | D:8      | Noticed Pikel
  6228 | D:8      | Killed Pikel
  6249 | D:8      | You pick up a book of Decay and begin reading...
  6249 | D:8      | You add the spells Cigotuvi's Dreadful Rot, Dispel Undead
                  | and Death Channel to your library.
  6289 | D:8      | Reached skill level 1 in Fighting
  6371 | D:8      | Noticed Maurice
  6506 | D:8      | Something stole a flux talisman
  6509 | D:8      | Something stole 425 gold
  6511 | D:8      | Something stole 77 gold
  6520 | D:7      | Reached *** piety under Wu Jian
  6536 | D:7      | Killed Maurice
  6537 | D:7      | Reached skill level 2 in Fighting
  6736 | D:8      | You pick up a book of Changes and begin reading...
  6773 | D:8      | Found Udohuobi's Changing Room.
  6780 | D:8      | Bought 2 potions of mutation for 192 gold pieces
  6780 | D:8      | Bought 2 potions of mutation for 192 gold pieces
  6923 | D:9      | Noticed a two-headed ogre
  6928 | D:9      | Killed a two-headed ogre
  6929 | D:9      | Reached skill level 3 in Fighting
  6929 | D:9      | Reached skill level 10 in Shapeshifting
  6973 | D:9      | Found a stormy altar of Qazlal.
  7040 | D:9      | Reached skill level 4 in Fighting
  7113 | D:9      | Reached skill level 5 in Fighting
  7122 | D:9      | Found a staircase to the Lair.
  7127 | D:9      | Noticed a rust devil
  7135 | D:9      | Noticed an orange demon
  7138 | D:9      | Reached XP level 11. HP: 87/105 MP: 10/10
  7143 | D:9      | Reached skill level 6 in Fighting
  7152 | D:9      | Found a runed translucent gate.
  7153 | D:9      | Found a runed translucent gate.
  7154 | D:9      | Found an opulent altar of Gozag.
  7186 | D:9      | Found a runed translucent gate.
  7187 | D:9      | Noticed robotcentaur's ghost (novice GnSh)
  7187 | D:9      | Noticed a brown ugly thing
  7188 | D:9      | Noticed a seven-headed hydra
  7189 | D:9      | Noticed a five-headed hydra
  7384 | D:9      | You pick up a book of Flames and begin reading...
  7384 | D:9      | You add the spells Inner Flame, Sticky Flame and Flame Wave
                  | to your library.
  7571 | D:9      | You fall into a shaft and drop 2 floors!
  7632 | D:11     | Identified the +0 ring mail of the Devil {-Cast Dex+5 SInv}
  7668 | D:10     | Entered Level 10 of the Dungeon
  7703 | D:10     | HP: 25/107 [vampire mosquito (9)]
  7800 | D:10     | Noticed Harold
  7810 | D:10     | Killed Harold
  7811 | D:10     | Reached skill level 7 in Fighting
  8076 | D:9      | magus.rc [v1.9.6]
  8146 | D:10     | Reached **** piety under Wu Jian
  8147 | D:10     | Noticed a two-headed ogre
  8150 | D:10     | Found a staircase to the Orcish Mines.
  8151 | D:10     | Killed a two-headed ogre
  8152 | D:10     | Reached skill level 2 in Dodging
  8186 | D:10     | You pick up a book of Minor Magic and begin reading...
  8186 | D:10     | You add the spells Magic Dart, Call Imp and Mephitic Cloud
                  | to your library.
  8248 | D:10     | Noticed Psyche
  8327 | D:10     | Killed Psyche
  8328 | D:10     | Reached skill level 3 in Dodging
  8898 | D:11     | Noticed a two-headed ogre
  8906 | D:11     | Killed a two-headed ogre
  8954 | D:11     | Noticed a two-headed ogre
  8959 | D:11     | Killed a two-headed ogre
  8960 | D:11     | Reached skill level 8 in Fighting
  8960 | D:11     | Reached skill level 4 in Dodging
  9011 | D:11     | Noticed Erica
  9016 | D:11     | Killed Erica
  9031 | D:11     | Noticed a two-headed ogre
  9035 | D:11     | Killed a two-headed ogre
  9080 | D:11     | Reached skill level 5 in Dodging
  9277 | D:12     | Noticed a green ugly thing
  9279 | D:12     | Noticed a boulder beetle
  9290 | D:12     | Killed a green ugly thing
  9301 | D:12     | Reached XP level 12. HP: 56/122 MP: 11/11
  9317 | D:12     | Killed a boulder beetle
  9318 | D:12     | Reached skill level 9 in Fighting
  9451 | D:12     | Reached skill level 6 in Dodging
  9584 | D:12     | Found a frozen archway.
  9595 | D:12     | Reached ***** piety under Wu Jian
  9602 | IceCv    | Entered an ice cave
  9734 | IceCv    | Reached skill level 7 in Dodging
  9743 | IceCv    | HP: 26/126 [yak (11)]
  9745 | IceCv    | HP: 12/189 [wolf (1)]
  9746 | IceCv    | Slain by a yak

Vanquished Creatures
  Harold (D:10)
  Erica (D:11)
  6 two-headed ogres
  A boulder beetle (D:12)
  Pikel (D:8)
  A deep elf pyromancer (D:12)
  An ugly thing (D:12)
  A cyclops (D:12)
  An ice statue (IceCv)
  Maurice (D:7)
  Maggie (D:6)
  A gargoyle (D:12)
  Psyche (D:10)
  3 kobold demonologists (D:9)
  2 ice devils (D:12)
  A komodo dragon (D:11)
  A troll (D:11)
  3 polar bears
  Prince Ribbit (D:7)
  A slime creature (D:12)
  A water elemental (D:12)
  Sigmund (D:5)
  A vampire (D:11)
  2 wraiths (D:11)
  12 yaks
  6 vampire mosquitoes
  An acid dragon (D:8)
  3 water moccasins (D:9)
  4 orc warriors
  2 sky beasts
  4 black bears
  11 wolves
  7 centaurs
  3 ogres
  3 phantoms
  5 kobold brigands
  4 bullfrogs
  2 gnoll sergeants
  A scorpion (D:5)
  9 wights
  4 killer bees
  An electric eel (D:12)
  4 howler monkeys
  3 hounds
  2 gnoll boudas (D:8)
  A jelly (D:7)
  7 orc priests
  A sleepcap (D:4)
  6 iguanas
  14 orc wizards
  6 adders
  20 gnolls
  A shadow imp (D:7)
  4 worms
  3 dart slugs
  41 orcs
  2 endoplasms
  3 giant cockroaches
  4 hobgoblins
  5 jackals
  21 kobolds
  6 quokkas
  9 ball pythons
  8 bats
  5 frilled lizards
  12 goblins
  5 rats
310 creatures vanquished.

Table legend:
 A = Non-vault XP
 B = Vault XP
 C = Vault XP percentage of total XP
 D = Non-vault monster count
 E = Vault monster count
 F = Vault count percentage of total count
                 A         B        C        D         E       F
            +---------+---------+-------+---------+---------+-------
      Total |   18424 |   10517 |  36.3 |     246 |      64 |  20.6
            +---------+---------+-------+---------+---------+-------
        D:1 |      50 |       6 |  10.7 |      31 |       3 |   8.8
        D:2 |     123 |      16 |  11.5 |      23 |       8 |  25.8
        D:3 |      42 |       0 |   0.0 |      15 |       0 |   0.0
        D:4 |     304 |     393 |  56.4 |      10 |       5 |  33.3
        D:5 |     444 |     214 |  32.5 |      15 |       1 |   6.2
        D:6 |    1698 |     418 |  19.8 |      23 |       1 |   4.2
        D:7 |    1113 |     704 |  38.7 |      30 |       2 |   6.2
        D:8 |    1787 |     593 |  24.9 |      26 |       1 |   3.7
        D:9 |    2418 |    1061 |  30.5 |      20 |       9 |  31.0
       D:10 |    2222 |    1791 |  44.6 |      22 |      10 |  31.2
       D:11 |    3912 |     844 |  17.7 |      16 |       1 |   5.9
       D:12 |    4311 |    1061 |  19.8 |      15 |       4 |  21.1
      IceCv |       0 |    3416 | 100.0 |       0 |      19 | 100.0
            +---------+---------+-------+---------+---------+-------

Skill      XL: |  1  2  3  4  5  6  7  8  9 10 11 12 |
---------------+-------------------------------------+-----
Unarmed Combat | 4 5 6 7 10 12 | 12.0
Shapeshifting  | 4 5 6 7 8 10 | 10.0
Fighting       | 5 8 9 |  9.9
Dodging        | 5 7 |  7.0

Action                     |  1- 3 |  4- 6 |  7- 9 | 10-12 || total
---------------------------+-------+-------+-------+-------++-------
  Melee: Unarmed           |    99 |   112 |   202 |   410 ||   823
         Punch             |       |     3 |     6 |    15 ||    24
         Maw               |       |       |       |    82 ||    82
Ability: Lunge             |       |       |    20 |    28 ||    48
         Whirlwind         |       |       |     5 |    16 ||    21
    Use: Potion            |       |       |     2 |     3 ||     5
         Scroll            |       |       |       |     5 ||     5
   Stab: Sleeping          |     2 |       |       |       ||     2
         Invisible         |       |       |     3 |       ||     3
 Armour: Animal skin       |    76 |    70 |    41 |       ||   187
         Skin              |       |       |    47 |   231 ||   278
         Swamp dragon scal |       |       |    47 |    60 ||   107
  Dodge: Dodged            |    47 |    43 |    81 |   336 ||   507
   Form: Flux              |       |       |     1 |       ||     1
         Maw               |       |       |       |     1 ||     1

Illustrated notes

Table legend:
 A = Kills in this place as a percentage of kills in the entire game.
 B = Kills by you in this place as a percentage of kills by you in the entire game.
 C = Kills by friends in this place as a percentage of kills by friends in the entire game.
 D = Other kills in this place as a percentage of other kills in the entire game.
 E = Experience gained in this place as a percentage of experience gained in the entire game.
 F = Experience gained in this place divided by the number of levels of this place that you have seen.
                   A       B       C       D       E      F
               +-------+-------+-------+-------+-------+----------------------
         Total | 100.0 | 100.0 |   N/A |   N/A | 100.0 | 2067.2
       Dungeon |  93.9 |  93.9 |   N/A |   N/A |  88.2 | 2127.1
      Ice Cave |   6.1 |   6.1 |   N/A |   N/A |  11.8 | 3416.0
               +-------+-------+-------+-------+-------+----------------------

Table legend: (Time is in decaauts)
 A = Elapsed time spent in this place.
 B = Non-inter-level travel time spent in this place.
 C = Inter-level travel time spent in this place.
 D = Time resting spent in this place.
 E = Time spent auto-exploring this place.
 F = Levels seen in this place.
 G = Mean time per level.
                   A        B        C        D        E       F      G
               +--------+--------+--------+--------+--------+-----+--------+
         Total |   9611 |   9182 |    429 |    457 |   6866 |  14 |  686.5 |
       Dungeon |   9327 |   9031 |    296 |    457 |   6806 |  12 |  777.2 |
        Temple |    154 |     21 |    133 |      0 |      0 |   1 |  154.0 |
      Ice Cave |    129 |    129 |      0 |      0 |     60 |   1 |  129.0 |
               +--------+--------+--------+--------+--------+-----+--------+

Top non-repeatable levels by time:
     D:5: 1037 daAuts
     D:7: 1023 daAuts
     D:2: 1011 daAuts
     D:1: 949 daAuts
     D:9: 900 daAuts
    D:10: 850 daAuts
     D:4: 826 daAuts
     D:3: 731 daAuts
     D:8: 590 daAuts
    D:11: 542 daAuts
     D:6: 530 daAuts
    D:12: 333 daAuts
  Temple: 154 daAuts
   IceCv: 129 daAuts
